 Dungeon Crawl Stone Soup version 0.29.1-2-gbd0b4ee654 (webtiles) character file.

Game seed: 16889347311863447439

411 KamiKatze the Conjurer (level 6, -1/32 HPs)
             Began as a Deep Elf Conjurer on Nov 1, 2022.
             Slain by an ogre
             ... wielding a +0 giant club
              (19 damage)
             ... on level 5 of the Dungeon.
             The game lasted 00:12:59 (3747 turns).

KamiKatze the Conjurer (Deep Elf Conjurer)          Turns: 3747, Time: 00:12:59

Health: -1/32      AC:  4    Str:  4    XL:     6   Next: 58%
Magic:  1/15       EV: 12    Int: 25    God:
Gold:   219        SH:  0    Dex: 13    Spells: 4/15 levels left

rFire   + . .      SeeInvis .   a - +0 dagger
rCold   . . .      Faith    .   (no shield)
rNeg    . . .      Spirit   .   f - +0 robe
rPois   .          Reflect  .   (no helmet)
rElec   .          Harm     .   z - +0 cloak
rCorr   .          Rampage  .   (no gloves)
Will    .....                   n - +0 pair of boots
Stlth   ++........              (no amulet)
HPRegen 0.10/turn               j - ring of protection from fire
MPRegen 0.14/turn               (no ring)

@: very slightly contaminated
A: no striking features
a: no special abilities


You were on level 5 of the Dungeon.
You visited 1 branch of the dungeon, and saw 5 of its levels.

You collected 219 gold pieces.

Inventory:

Hand Weapons
 a - a +0 dagger (weapon)
Missiles
 A - a throwing net
 B - 4 poisoned darts
Armour
 f - a +0 robe (worn)
 l - a +0 buckler
 n - a +0 pair of boots (worn)
 z - a +0 cloak (worn)
Magical Staves
 C - a staff of cold
Jewellery
 j - a ring of protection from fire (left hand)
Scrolls
 c - a scroll of poison {unknown}
 d - a scroll of amnesia {unknown}
 m - 2 scrolls of immolation {unknown}
 o - a scroll of enchant armour {unknown}
 q - a scroll of noise
 s - a scroll of teleportation {unknown}
 t - a scroll of acquirement {unknown}
 u - a scroll of brand weapon
 w - a scroll of fog {unknown}
 y - a scroll of silence {unknown}
Potions
 b - 2 potions of magic
 e - 4 potions of heal wounds
 g - a potion of haste {unknown}
 h - 2 potions of curing
 i - a potion of attraction
 k - 2 potions of flight
 p - a potion of degeneration {unknown}
 r - a potion of lignification {unknown}
 v - 2 potions of brilliance {unknown}
 x - 3 potions of might


   Skills:
 - Level 3.0 Dodging
 - Level 3.0 Stealth
 * Level 5.1 Spellcasting
 * Level 5.7 Conjurations
 * Level 4.0 Hexes
 * Level 3.3 Translocations


You had 4 spell levels left.
You knew the following spells:

 Your Spells              Type           Power      Damage    Failure   Level
a - Magic Dart            Conj           100%       1d8       1%          1
b - Searing Ray           Conj           70%        2d7       1%          2
c - Fulminant Prism       Conj/Hex       15%        3d11      11%         4
d - Iskenderun's Mystic   Conj/Tloc      29%        2d7       13%         4

Your spell library contained the following spells:

 Spells                   Type           Power      Damage    Failure   Level
 Apportation              Tloc           46%        N/A       1%          1
 Dazzling Flash           Conj/Hex       60%        N/A       3%          3
 Necrotise                Necr           24%        1d5       9%          1
 Summon Small Mammal      Summ           24%        N/A       9%          1


Dungeon Overview and Level Annotations

Branches:
Dungeon (5/15)
 Temple: D:4-7

Altars:
Ashenzari
Elyvilon
Hepliaklqana
Makhleb
Qazlal
Ru
Sif Muna

Annotations:
D:5 Edmund


Message History

The orc wizard points at you and mumbles some strange words.
You resist with some effort.
The searing ray hits the orc wizard!
The orc wizard is almost dead.
The searing ray hits the orc wizard.
You kill the orc wizard!
Your Hexes skill increases to level 4!
Edmund is nearby!
An ogre comes into view. It is wielding a +0 giant club.
The ogre shouts!
A phantom comes into view.
The ogre closely misses you. The ogre attacks as you move away!
The ogre barely misses you. The phantom barely misses you.
Casting: Searing Ray (safe; 1% risk of failure)
Confirm with . or Enter, or press ? or * to list all spells.
The spell is quite dangerous to miscast (13% risk of failure)!
Continue anyway?
You miscast Iskenderun's Mystic Blast.
You are very lightly contaminated with residual magic.
The floor and the ceiling briefly switch places.
You are magically locked in place.
Edmund shouts!
The phantom hits you.
Unknown command.
You cannot move.
Unknown command.
You cannot move.
You cannot move.
The ogre hits you with a +0 giant club!
The phantom hits you but does no damage.
The phantom barely misses you. The ogre closely misses you.
You are no longer locked in place.
The phantom closely misses you.
Casting: Iskenderun's Mystic Blast (quite dangerous; 13% risk of failure)
Confirm with . or Enter, or press ? or * to list all spells.
The spell is quite dangerous to miscast (13% risk of failure)!
Continue anyway?
You miscast Iskenderun's Mystic Blast.
Nothing appears to happen.
The ogre hits you with a +0 giant club!!
Ouch! That really hurt!
You die...

#.##..##..........
#....###..##......
#.<..#..)###......
###......### ..####.
..........<# #..#.#
...##.....####...... ##
#...............#
.#.....>.....$.###
.......$.@@......## ..
.........WO.##....##....
..###........## ..#.....
#..........###...@... #
..............#......##.
.###...)))....#........
. #...##.......##....#
....# #.............# .
o... #.............#...


You could see Edmund, an ogre and a phantom.

Vanquished Creatures
  A centaur (D:5)
  A bullfrog (D:4)
  2 iguanas (D:4)
  3 orc wizards
  4 gnolls (D:3)
  An adder (D:5)
  A dart slug (D:3)
  6 orcs
  4 bats
  10 endoplasms
  6 goblins
  10 hobgoblins
  7 jackals
  5 quokkas
  10 ball pythons
  3 frilled lizards
  7 kobolds
  2 rats
83 creatures vanquished.

Notes
Turn   | Place    | Note
-------+----------+-------------------------------------------
     0 | D:1      | KamiKatze the Deep Elf Conjurer began the quest for the
                  | Orb.
     0 | D:1      | Reached XP level 1. HP: 10/10 MP: 6/6
   244 | D:1      | Reached XP level 2. HP: 15/15 MP: 6/8
   247 | D:1      | Learned a level 2 spell: Searing Ray
   328 | D:1      | Reached skill level 1 in Hexes
   853 | D:1      | Reached skill level 1 in Translocations
  1023 | D:2      | Reached XP level 3. HP: 19/19 MP: 6/9
  1067 | D:2      | Found a shimmering blue altar of Sif Muna.
  1227 | D:2      | Found a faded altar of an unknown god.
  1954 | D:3      | Reached XP level 4. HP: 24/24 MP: 7/11
  1962 | D:3      | Learned a level 4 spell: Fulminant Prism
  2051 | D:3      | Reached skill level 5 in Conjurations
  2056 | D:3      | Learned a level 4 spell: Iskenderun's Mystic Blast
  2093 | D:3      | Reached XP level 5. HP: 28/28 MP: 2/13
  2354 | D:3      | Found a stormy altar of Qazlal.
  2837 | D:4      | Found a white marble altar of Elyvilon.
  2900 | D:4      | Found a burning altar of Makhleb.
  2901 | D:4      | Found a broken altar of Ashenzari.
  2901 | D:4      | Found a hazy altar of Hepliaklqana.
  2903 | D:4      | Found a sacrificial altar of Ru.
  3200 | D:4      | Reached XP level 6. HP: 19/32 MP: 8/15
  3536 | D:5      | Entered Level 5 of the Dungeon
  3543 | D:5      | Reached skill level 5 in Spellcasting
  3584 | D:5      | Noticed Edmund
  3747 | D:5      | Slain by an ogre

Illustrated notes

Levels and vault maps discovered:
D:1:      minmay_arrival_solitary_statue, layout_basic
D:2:      layout_loops_ring, basic_altar, nicolae_ecumenical_snake_handling,
          skrybe_limestone_x
D:3:      layout_rooms, mainiacjoe_overflow_small_starburst, kennysheep_doodads,
          grunt_decor_arrowhead
D:4:      layout_loops_ring, minitemple
D:5:      layout_cave_pools, uniq_ijyb, uniq_grinder, uniq_edmund

Skill      XL: |  1  2  3  4  5  6 |
---------------+-------------------+-----
Hexes          | 1 2 3 4 |  4.0
Translocations | 1 2 3 |  3.3
Stealth        | 3 |  3.0
Dodging        | 3 |  3.0
Spellcasting   | 4 5 |  5.1
Conjurations   | 5 |  5.7

Action                   |  1- 3 |  4- 6 || total
-------------------------+-------+-------++-------
Melee: Dagger            |     4 |     1 ||     5
 Cast: Magic Dart        |   100 |    34 ||   134
       Searing Ray       |     2 |    14 ||    16
       Iskenderun's Myst |       |     1 ||     1
  Use: Scroll            |     4 |     3 ||     7
 Stab: Sleeping          |     1 |     1 ||     2
Armor: Robe              |     1 |     1 ||     2
Dodge: Dodged            |     7 |    11 ||    18
